TOP OF THE 1ST |
Madawaska Valley HS Wolves batting - Pitching for Rocky Point HS Eagles : RHP Arthur López
|
Pitching: RHP Arthur López
|
|
Batting: LHB Wayne Rogers
|
0-0: Ball 1-0: Ground out 6-3 (Groundball, 6M)
|
Batting: RHB Hubert MacDonald
|
0-0: Ball 1-0: Fly out, F8 (Flyball, 8LS)
|
Batting: RHB Jim Turner
|
0-0: Ball 1-0: Called Strike 1-1: Foul Ball, location: 2F 1-2: Strikes out swinging
|
Top of the 1st over - 0 run(s), 0 hit(s), 0 error(s), 0 left on base; Madawaska Valley HS 0 - Rocky Point HS 0 |
BOTTOM OF THE 1ST |
Rocky Point HS Eagles batting - Pitching for Madawaska Valley HS Wolves : LHP Joaquín Carrión
|
Pitching: LHP Joaquín Carrión
|
|
Batting: RHB Joe Lewis
|
0-0: Called Strike 0-1: Ball 1-1: Foul Ball, location: 2F 1-2: Ball 2-2: Ball 3-2: Strikes out looking
|
Batting: LHB Will Robinson
|
0-0: Fly out, F7 (Flyball, 78M)
|
Batting: LHB Michael Barrett
|
0-0: Ball 1-0: Reached on error, E3 (Groundball, 3S)
|
Batting: LHB Arthur López
|
0-0: Called Strike 0-1: 2-RUN HOME RUN (Flyball, 9D), Distance : 385 ft
|
Batting: SHB Jean-François St-Amant
|
0-0: Called Strike 0-1: Ball 1-1: Ball 2-1: Foul Ball, location: 2F 2-2: Strikes out swinging
|
Bottom of the 1st over - 2 run(s), 1 hit(s), 1 error(s), 0 left on base; Madawaska Valley HS 0 - Rocky Point HS 2 |
TOP OF THE 2ND |
Madawaska Valley HS Wolves batting - Pitching for Rocky Point HS Eagles : RHP Arthur López
|
Batting: LHB John Clark
|
0-0: Ball 1-0: Swinging Strike 1-1: Called Strike 1-2: Ball 2-2: Ball 3-2: Strikes out swinging
|
Batting: RHB Aaron Duncan
|
0-0: Ground out 6-3 (Groundball, 6)
|
Batting: LHB Ronald Wallace
|
0-0: Ball 1-0: Called Strike 1-1: Ground out 3-1 (Groundball, 34)
|
Top of the 2nd over - 0 run(s), 0 hit(s), 0 error(s), 0 left on base; Madawaska Valley HS 0 - Rocky Point HS 2 |
BOTTOM OF THE 2ND |
Rocky Point HS Eagles batting - Pitching for Madawaska Valley HS Wolves : LHP Joaquín Carrión
|
Batting: RHB Jim Sharry
|
0-0: Called Strike 0-1: SINGLE (Line Drive, 6MD)
|
Batting: SHB Ralph Marshall
|
0-0: Ball 1-0: Called Strike Jim Sharry is caught stealing 2nd base 1-1: Foul Ball, location: 2F 1-2: Reached on error, E6 (Groundball, 6)
|
Batting: LHB Tom York
|
0-0: Called Strike 0-1: Fly out, F8 (Flyball, 8LM)
|
Batting: RHB Bill Bourland
|
0-0: Called Strike 0-1: SINGLE (Line Drive, 6D) Ralph Marshall to second
|
Batting: RHB Joe Lewis
|
0-0: Ball 1-0: Ball 2-0: 3-RUN HOME RUN (Flyball, 89XD), Distance : 437 ft
|
Batting: LHB Will Robinson
|
0-0: Ball 1-0: Reached on error, E4 (Groundball, 4)
|
Batting: LHB Michael Barrett
|
0-0: Foul Ball, location: 2F 0-1: Swinging Strike 0-2: Foul Ball, location: 2F 0-2: Ball 1-2: Fly out, F7 (Flyball, 7S)
|
Bottom of the 2nd over - 3 run(s), 3 hit(s), 2 error(s), 1 left on base; Madawaska Valley HS 0 - Rocky Point HS 5 |
TOP OF THE 3RD |
Madawaska Valley HS Wolves batting - Pitching for Rocky Point HS Eagles : RHP Arthur López
|
Batting: SHB Steve Miner
|
0-0: Foul Ball, location: 2F 0-1: Foul Ball, location: 2F 0-2: Ball 1-2: Hit by Pitch
|
Batting: SHB Russ Beasley
|
0-0: Fly out, F6 (Popup, 56D)
|
Batting: SHB Wilson Bray
|
0-0: Called Strike 0-1: Called Strike 0-2: Strikes out swinging
|
Batting: LHB Wayne Rogers
|
0-0: Called Strike 0-1: Foul Ball, location: 2F 0-2: Ball 1-2: Foul Ball, location: 2F 1-2: Foul Ball, location: 2F 1-2: Ground out U3 (Groundball, 3S)
|
Top of the 3rd over - 0 run(s), 0 hit(s), 0 error(s), 1 left on base; Madawaska Valley HS 0 - Rocky Point HS 5 |
BOTTOM OF THE 3RD |
Rocky Point HS Eagles batting - Pitching for Madawaska Valley HS Wolves : LHP Joaquín Carrión
|
Batting: LHB Arthur López
|
0-0: Foul Ball, location: 2F 0-1: Ball 1-1: SINGLE (Groundball, 25) (infield hit)
|
Batting: SHB Jean-François St-Amant
|
0-0: Ball 1-0: 2-RUN HOME RUN (Flyball, 78XD), Distance : 412 ft
|
Batting: RHB Jim Sharry
|
0-0: Called Strike 0-1: Ground out 1-3 (Groundball, 15)
|
Batting: SHB Ralph Marshall
|
0-0: Called Strike 0-1: Swinging Strike 0-2: Ball 1-2: Foul Ball, location: 2F 1-2: DOUBLE (Line Drive, 9LS)
|
Batting: LHB Tom York
|
0-0: Ball 1-0: Ball 2-0: Called Strike 2-1: Ball 3-1: Fly out, F9 (Flyball, 8RM) Runner from 2nd tags up, SAFE at 3rd with throw
|
Batting: RHB Bill Bourland
|
0-0: Fly out, F4 (Popup, 4MD)
|
Bottom of the 3rd over - 2 run(s), 3 hit(s), 0 error(s), 1 left on base; Madawaska Valley HS 0 - Rocky Point HS 7 |
TOP OF THE 4TH |
Madawaska Valley HS Wolves batting - Pitching for Rocky Point HS Eagles : RHP Arthur López
|
Batting: RHB Hubert MacDonald
|
0-0: Called Strike 0-1: Fly out, F7 (Flyball, 7S)
|
Batting: RHB Jim Turner
|
0-0: Called Strike 0-1: Ball 1-1: Foul Ball, location: 2F 1-2: Ball 2-2: Foul Ball, location: 2F 2-2: Strikes out swinging
|
Batting: LHB John Clark
|
0-0: Swinging Strike 0-1: Called Strike 0-2: Foul Ball, location: 2F 0-2: Foul Ball, location: 2F 0-2: Strikes out swinging
|
Top of the 4th over - 0 run(s), 0 hit(s), 0 error(s), 0 left on base; Madawaska Valley HS 0 - Rocky Point HS 7 |
BOTTOM OF THE 4TH |
Rocky Point HS Eagles batting - Pitching for Madawaska Valley HS Wolves : LHP Joaquín Carrión
|
Batting: RHB Joe Lewis
|
0-0: Foul Ball, location: 2F 0-1: Fly out, F8 (Flyball, 8RM)
|
Batting: LHB Will Robinson
|
0-0: Ball 1-0: Foul Ball, location: 2F 1-1: Foul Ball, location: 2F 1-2: Ground out 6-3 (Groundball, 6M)
|
Batting: LHB Michael Barrett
|
0-0: Ball 1-0: Ball 2-0: Ball 3-0: Base on Balls
|
Batting: LHB Arthur López
|
0-0: Ball 1-0: Foul Ball, location: 2F 1-1: Ball 2-1: Foul Ball, location: 2F 2-2: Ground out 4-3 (Groundball, 34)
|
Bottom of the 4th over - 0 run(s), 0 hit(s), 0 error(s), 1 left on base; Madawaska Valley HS 0 - Rocky Point HS 7 |
TOP OF THE 5TH |
Madawaska Valley HS Wolves batting - Pitching for Rocky Point HS Eagles : RHP Arthur López
|
Batting: RHB Aaron Duncan
|
0-0: Fly out, F7 (Flyball, 7LM)
|
Batting: LHB Ronald Wallace
|
0-0: Ball 1-0: Ball 2-0: Swinging Strike 2-1: SINGLE (Line Drive, 8RS)
|
Batting: SHB Steve Miner
|
0-0: Ball 1-0: Called Strike 1-1: Foul Ball, location: 2F 1-2: Strikes out swinging
|
Batting: SHB Russ Beasley
|
0-0: Ball 1-0: Swinging Strike 1-1: Foul Ball, location: 2F 1-2: Ball 2-2: Strikes out swinging
|
Top of the 5th over - 0 run(s), 1 hit(s), 0 error(s), 1 left on base; Madawaska Valley HS 0 - Rocky Point HS 7 |
BOTTOM OF THE 5TH |
Rocky Point HS Eagles batting - Pitching for Madawaska Valley HS Wolves : LHP Joaquín Carrión
|
Batting: SHB Jean-François St-Amant
|
0-0: Called Strike 0-1: Called Strike 0-2: Strikes out looking
|
Batting: RHB Jim Sharry
|
0-0: Ball 1-0: Called Strike 1-1: Ball 2-1: SINGLE (Flyball, 89M) - OUT at second base trying to stretch hit.
|
Batting: SHB Ralph Marshall
|
0-0: Called Strike 0-1: Ground out 3-1 (Groundball, 34S)
|
Bottom of the 5th over - 0 run(s), 1 hit(s), 0 error(s), 0 left on base; Madawaska Valley HS 0 - Rocky Point HS 7 |
TOP OF THE 6TH |
Madawaska Valley HS Wolves batting - Pitching for Rocky Point HS Eagles : RHP Arthur López
|
Batting: SHB Wilson Bray
|
0-0: Foul Ball, location: 2F 0-1: Ball 1-1: Ball 2-1: Fly out, F6 (Popup, 5DF)
|
Batting: LHB Wayne Rogers
|
0-0: SINGLE (Groundball, 34)
|
Batting: RHB Hubert MacDonald
|
0-0: Ball 1-0: Ball 2-0: DOUBLE (Line Drive, 9LS) Wayne Rogers to third Runner from 3rd tries for Home, SAFE, no throw or cutoff
|
Batting: RHB Jim Turner
|
0-0: Called Strike 0-1: Ball 1-1: Ball 2-1: Ball 3-1: Foul Ball, location: 2F 3-2: Base on Balls
|
Batting: LHB John Clark
|
0-0: Ball 1-0: Foul Ball, location: 2F 1-1: Ball 2-1: Foul Ball, location: 2F 2-2: Strikes out swinging
|
Batting: RHB Aaron Duncan
|
0-0: Ball 1-0: Ball 2-0: Ball 3-0: Called Strike 3-1: Swinging Strike 3-2: Strikes out swinging
|
Top of the 6th over - 1 run(s), 2 hit(s), 0 error(s), 2 left on base; Madawaska Valley HS 1 - Rocky Point HS 7 |
BOTTOM OF THE 6TH |
Rocky Point HS Eagles batting - Pitching for Madawaska Valley HS Wolves : LHP Joaquín Carrión
|
Batting: LHB Tom York
|
0-0: Called Strike 0-1: Foul Ball, location: 2F 0-2: Ball 1-2: Ball 2-2: SINGLE (Groundball, 3D)
|
Pitching: RHP Joe Reed
|
|
Batting: RHB Bill Bourland
|
0-0: Foul Ball, location: 2F 0-1: Ball 1-1: Grounds into double play, 4-6-3 (Groundball, 4)
|
Batting: RHB Joe Lewis
|
0-0: Fly out, F9 (Popup, 4D)
|
Bottom of the 6th over - 0 run(s), 1 hit(s), 0 error(s), 0 left on base; Madawaska Valley HS 1 - Rocky Point HS 7 |
TOP OF THE 7TH |
Madawaska Valley HS Wolves batting - Pitching for Rocky Point HS Eagles : RHP Arthur López
|
Pitching: RHP Gary Woods
|
|
Batting: LHB Ronald Wallace
|
0-0: Ball 1-0: Foul Ball, location: 2F 1-1: Ball 2-1: Called Strike 2-2: Foul Ball, location: 2F 2-2: Strikes out swinging
|
Batting: SHB Steve Miner
|
0-0: Ball 1-0: Foul Ball, location: 2F 1-1: SINGLE (Groundball, 4MD)
|
Batting: SHB Russ Beasley
|
0-0: Foul Ball, location: 2F 0-1: Ball 1-1: Fly out, F6 (Popup, 4MD)
|
Batting: SHB Wilson Bray
|
0-0: Called Strike 0-1: Foul Ball, location: 2F 0-2: Ball 1-2: Foul Ball, location: 2F 1-2: Strikes out swinging
|
Top of the 7th over - 0 run(s), 1 hit(s), 0 error(s), 1 left on base; Madawaska Valley HS 1 - Rocky Point HS 7 |
BOTTOM OF THE 7TH |
Rocky Point HS Eagles batting - Pitching for Madawaska Valley HS Wolves : RHP Joe Reed
|
Batting: LHB Will Robinson
|
0-0: Ball 1-0: Ground out 4-3 (Groundball, 4)
|
Batting: LHB Michael Barrett
|
0-0: Ball 1-0: Ball 2-0: Foul Ball, location: 2F 2-1: Foul Ball, location: 2F 2-2: Ball 3-2: Foul Ball, location: 2F 3-2: Base on Balls
|
Batting: LHB Arthur López
|
0-0: Ball 1-0: Called Strike 1-1: Ball 2-1: Ball 3-1: Base on Balls Michael Barrett to second
|
Batting: SHB Jean-François St-Amant
|
0-0: Foul Ball, location: 2F 0-1: Swinging Strike 0-2: Strikes out swinging
|
Batting: RHB Jim Sharry
|
0-0: Ball 1-0: Ball 2-0: Ball 3-0: Called Strike 3-1: Base on Balls Michael Barrett to third Arthur López to second
|
Batting: SHB Ralph Marshall
|
0-0: Ball 1-0: Foul Ball, location: 2F 1-1: Swinging Strike 1-2: Ball 2-2: Foul Ball, location: 2F 2-2: Ball 3-2: Foul Ball, location: 2F 3-2: Base on Balls Michael Barrett scores Arthur López to third Jim Sharry to second
|
Batting: LHB Tom York
|
0-0: Called Strike 0-1: SINGLE (Line Drive, 9LM) Arthur López scores Jim Sharry to third Ralph Marshall to second Runner from 3rd tries for Home, SAFE, no throw or cutoff
|
Batting: RHB Bill Bourland
|
0-0: Called Strike 0-1: Swinging Strike 0-2: Ball 1-2: SINGLE (Groundball, 6MD) (infield hit) Ralph Marshall to third Tom York to second
|
Batting: RHB Joe Lewis
|
0-0: Ball 1-0: Foul Ball, location: 2F 1-1: Foul Ball, location: 2F 1-2: Ball 2-2: Strikes out looking
|
Bottom of the 7th over - 3 run(s), 2 hit(s), 0 error(s), 3 left on base; Madawaska Valley HS 1 - Rocky Point HS 10 |
TOP OF THE 8TH |
Madawaska Valley HS Wolves batting - Pitching for Rocky Point HS Eagles : RHP Gary Woods
|
Batting: LHB Wayne Rogers
|
0-0: SINGLE (Flyball, 7LS)
|
Batting: RHB Hubert MacDonald
|
0-0: Ball 1-0: Foul Ball, location: 2F 1-1: Called Strike 1-2: Grounds into double play, 6-4-3 (Groundball, 6)
|
Batting: RHB Jim Turner
|
0-0: Called Strike 0-1: Ball 1-1: SOLO HOME RUN (Line Drive, 7D), Distance : 367 ft
|
Batting: LHB John Clark
|
0-0: Ball 1-0: Ball 2-0: Called Strike 2-1: Swinging Strike 2-2: Strikes out looking
|
Top of the 8th over - 1 run(s), 2 hit(s), 0 error(s), 0 left on base; Madawaska Valley HS 2 - Rocky Point HS 10 |
BOTTOM OF THE 8TH |
Rocky Point HS Eagles batting - Pitching for Madawaska Valley HS Wolves : RHP Joe Reed
|
Pitching: LHP Juan Olivo
|
|
Batting: LHB Will Robinson
|
0-0: Called Strike 0-1: Foul Ball, location: 2F 0-2: Ball 1-2: Ball 2-2: Ground out 6-3 (Groundball, 6M)
|
Batting: LHB Michael Barrett
|
0-0: Fly out, F8 (Flyball, 8LM)
|
Batting: LHB Arthur López
|
0-0: Fly out, F5 (Popup, 56S)
|
Bottom of the 8th over - 0 run(s), 0 hit(s), 0 error(s), 0 left on base; Madawaska Valley HS 2 - Rocky Point HS 10 |
TOP OF THE 9TH |
Madawaska Valley HS Wolves batting - Pitching for Rocky Point HS Eagles : RHP Gary Woods
|
Batting: RHB Aaron Duncan
|
0-0: Ball 1-0: Called Strike 1-1: Swinging Strike 1-2: Fly out, F6 (Popup, 6M)
|
Batting: LHB Ronald Wallace
|
0-0: Fly out, F9 (Flyball, 9S)
|
Batting: SHB Steve Miner
|
0-0: Ball 1-0: Ground out U3 (Groundball, 3S)
|
Top of the 9th over - 0 run(s), 0 hit(s), 0 error(s), 0 left on base; Madawaska Valley HS 2 - Rocky Point HS 10 |
|